 Dungeon Sprint DCSS version 0.27-a0-1191-g601b473118 (webtiles) character file.

Game seed: 10491544047345576888

270 Zeld the Cleaver (level 6, 0/82 HPs)
             Began as a Minotaur Berserker on May 24, 2021.
             Was a Believer of Trog.
             Slain by Sonja
             ... wielding a +2 dagger of distortion
              (2 damage)
             ... in the Dungeon (Sprint I: "Red Sonja").
             The game lasted 00:01:19 (791 turns).

Zeld the Cleaver (Minotaur Berserker)                Turns: 791, Time: 00:01:19

Health: 0/82       AC:  3    Str: 24    XL:     6   Next: 1%
Magic:  5/5        EV: 12    Int:  4    God:    Trog [**....]
Gold:   193        SH:  0    Dex:  9    Spells: 5/5 levels left

rFire    . . .     SeeInvis .   a - +0 hand axe
rCold    . . .     Faith    .   (no shield)
rNeg     . . .     Spirit   .   b - +0 leather armour
rPois    .         Reflect  .   (helmet restricted)
rElec    .         Harm     .   (no cloak)
rCorr    .         Rampage  .   (no gloves)
Will     .....     NoTele   +   (no boots)
Stlth    ..........             (no amulet)
HPRegen  0.23/turn              (no ring)
MPRegen  0.09/turn              (no ring)

@: berserking, lethally poisoned (0 -> -5), slowed
A: horns 2, retaliatory headbutt
a: Renounce Religion, Berserk, Trog's Hand


You were in the Dungeon.
You worshipped Trog.
Trog was pleased with you.
You visited 1 branch You collected 193 gold pieces.

Inventory:

Hand Weapons
 a - a +0 hand axe (weapon)
Armour
 b - a +0 leather armour (worn)
Scrolls
 h - a scroll of blinking
Potions
 e - a potion of haste
 f - 2 potions of magic
 g - a potion of berserk rage


   Skills:
 * Level 4.8 Fighting
 - Level 14.0 Axes
 - Level 2.4 Armour
 * Level 3.5 Dodging


You had 5 spell levels left.
You didn't know any spells.
Your spell library was empty.

Dungeon Overview and Level Annotations

Branches:
Dungeon (1/1)

Altars:
Sif Muna
Vehumet
Wu Jian

Annotations:
D Sonja


Innate Abilities, Weirdness & Mutations

You have a pair of horns on your head.
You reflexively headbutt those who attack you in melee.


Message History

Sonja, the Graceful Assassin comes into view.
She is wielding a +2 dagger of distortion and quivering curare-tipped darts.
Sonja shouts!
Found 108 gold pieces.
A red film seems to cover your vision as you go berserk!
You feel yourself moving faster!
You feel mighty!
Sonja throws a curare-tipped dart.
The curare-tipped dart hits you.
You are poisoned.
You have difficulty breathing.
You feel yourself slow down.
You feel a strong urge to attack something.
You feel very sick. Sonja barely misses you. Sonja misses you.
Sonja hits you with a +2 dagger of distortion.
Space warps horribly around you!
There is an open door here.
You barely miss Sonja.
You feel sick.
Sonja hits you with a +2 dagger of distortion.
Space warps horribly around you! Sonja misses you.
Sonja hits you with a +2 dagger of distortion.
Space bends around you.
You completely miss Sonja.
You feel sick. Sonja closely misses you. You furiously retaliate!
You headbutt Sonja!
Sonja hits you with a +2 dagger of distortion.
* * * LOW HITPOINT WARNING * * *
Sonja hits you with a +2 dagger of distortion.
* * * LOW HITPOINT WARNING * * *
Space warps horribly around you!
* * * LOW HITPOINT WARNING * * *
You miss Sonja. Your headbutt misses Sonja.
Sonja is heavily wounded.
* * * LOW HITPOINT WARNING * * *
You feel sick.
Unknown command.
You completely miss Sonja. Your headbutt misses Sonja.
Sonja is heavily wounded.
* * * LOW HITPOINT WARNING * * *
You feel sick. Sonja barely misses you.
Sonja hits you with a +2 dagger of distortion.
* * * LOW HITPOINT WARNING * * *
Space bends around you.
You die...

#<.#..)..#..'..#
#..').#..').#..+
#..#####'#####'#
#..# #..# #.#
#..# #### ##.#
#..# #+#_.+ #⌠⌠#
+..._# ####
#_.#+# ##@# #K#
$.$ #$.$# ##.##
#+#


You could see Sonja.

Vanquished Creatures
  Sigmund (D)
  An ogre (D)
  A jelly (D)
  Ijyb (D)
4 creatures vanquished.

Notes
Turn   | Place    | Note
-------+----------+-------------------------------------------
     0 | D        | Zeld the Minotaur Berserker began the quest for the Orb.
     0 | D        | Reached XP level 1. HP: 19/19 MP: 0/0
     8 | D        | Noticed Ijyb
    15 | D        | Killed Ijyb
    16 | D        | Reached skill level 7 in Axes
    16 | D        | Reached XP level 2. HP: 18/26 MP: 1/1
   286 | D        | Noticed an ogre
   290 | D        | Killed an ogre
   291 | D        | Reached skill level 11 in Axes
   291 | D        | Reached XP level 3. HP: 24/31 MP: 2/2
   291 | D        | Reached XP level 4. HP: 30/39 MP: 3/3
   430 | D        | Noticed Sigmund
   443 | D        | Killed Sigmund
   443 | D        | Reached ** piety under Trog
   444 | D        | Reached skill level 14 in Axes
   444 | D        | Reached XP level 5. HP: 5/46 MP: 4/4
   707 | D        | Found an ornate altar of the Wu Jian Council.
   707 | D        | Found a shimmering blue altar of Sif Muna.
   709 | D        | Found a radiant altar of Vehumet.
   713 | D        | Reached XP level 6. HP: 53/55 MP: 5/5
   785 | D        | Noticed Sonja
   789 | D        | HP: 4/82 [Sonja/+2 dagger of distortion (13)]
   791 | D        | Slain by Sonja

Illustrated notes

Levels and vault maps discovered:
D:        dungeon_sprint_1 [red_sonja_temple_1, red_sonja_temple_small_1]

Skill      XL: |  1  2  3  4  5 |
---------------+----------------+-----
Axes           | 7 11 14 | 14.0
Fighting       | 4 |  4.8
Dodging        | 3 |  3.5
Armour         | |  2.4

Action                   |  1- 3 |  4- 6 || total
-------------------------+-------+-------++-------
Melee: Hand axe          |     8 |    11 ||    19
       Headbutt          |     2 |     2 ||     4
Invok: Berserk           |     2 |     2 ||     4
  Use: Potion            |       |     2 ||     2
Armor: Leather armour    |       |     3 ||     3
Dodge: Dodged            |     1 |     5 ||     6

Table legend: (Time is in decaauts)
 A = Elapsed time spent in this place.
 B = Non-inter-level travel time spent in this place.
 C = Inter-level travel time spent in this place.
 D = Time resting spent in this place.
 E = Time spent auto-exploring this place.
 F = Levels seen in this place.
 G = Mean time per level.
                   A        B        C        D        E       F      G
               +--------+--------+--------+--------+--------+-----+--------+
         Total |    821 |    821 |      0 |    733 |      0 |   1 |  821.0 |
       Dungeon |    821 |    821 |      0 |    733 |      0 |   1 |  821.0 |
               +--------+--------+--------+--------+--------+-----+--------+

Top non-repeatable levels by time:
       D: 821 daAuts
